Map: Catalyst LE

Players

SALTKING - Winner!

  • Race: Protoss Protoss
  • League: Grandmaster
  • Spawn Location: 11:00

Leon

  • Race: Protoss Protoss
  • League: Gold
  • Spawn Location: 5:00

VOD

Have the link to the VOD?

Description

PvT Macro

Time

  • Played on: Feb. 12, 2018, 12:24 a.m.
  • Length: 12:30
Show
View Real Time Build Order
Export as new Build Order

SALTKING Protoss - Winner!

Build Orders: 1 Gate Expand, Blink Stalkers, Zealot Archon, Colossus Rush 

Get SALT Encoding   

  12  0:00  Probe  
  13  0:12  Probe  
  14  0:17  Pylon  
  14  0:25  Probe (Chrono Boost)  
  15  0:37  Probe (Chrono Boost)  
  15  0:38  Gateway  
  16  0:44  Assimilator  
  16  0:46  Probe (Chrono Boost)  
  17  0:53  Probe (Chrono Boost)  
  19  1:05  Probe (Chrono Boost)  
  19  1:12  Probe (Chrono Boost)  
  20  1:22  Nexus  
  20  1:33  Cybernetics Core  
  20  1:34  Probe  
  21  1:41  Assimilator  
  21  1:46  Probe  
  22  1:50  Pylon  
  22  1:59  Probe (Chrono Boost)  
  23  2:08  Stalker  
  23  2:12  Probe (Chrono Boost)  
  23  2:13  Warp Gate  
  26  2:18  Probe (Chrono Boost)  
  27  2:30  Twilight Council  
  27  2:32  Probe (Chrono Boost)  
  27  2:34  Probe (Chrono Boost)  
  29  2:38  Stalker  
  33  2:45  Probe (Chrono Boost)  
  33  2:47  Probe (Chrono Boost)  
  33  2:50  Probe (Chrono Boost)  
  33  2:54  Probe  
  35  3:00  Probe  
  35  3:01  Blink (Chrono Boost)  
  36  3:06  Probe  
  36  3:11  Gateway  
  37  3:13  Gateway  
  37  3:14  Probe  
  38  3:21  Probe, Stalker  
  38  3:26  Probe  
  42  3:28  Pylon  
  42  3:33  Probe  
  43  3:38  Probe  
  43  3:40  Robotics Facility  
  44  3:45  Probe  
  45  3:50  Probe  
  46  3:57  Probe  
  46  4:02  Probe  
  48  4:04  Pylon  
  48  4:09  Probe  
  49  4:14  Probe  
  49  4:15  Stalker x2  
  54  4:22  Probe  
  54  4:23  Stalker  
  57  4:27  Assimilator  
  57  4:28  Probe  
  57  4:29  Assimilator  
  57  4:30  Pylon  
  57  4:31  Observer (Chrono Boost)  
  59  4:35  Probe  
  60  4:49  Probe  
  60  4:50  Robotics Bay, Probe  
  60  4:51  Nexus  
  62  4:55  Pylon  
  62  5:01  Probe (Chrono Boost)  
  62  5:02  Stalker  
  62  5:03  Stalker  
  62  5:05  Probe (Chrono Boost)  
  68  5:13  Probe (Chrono Boost)  
  69  5:17  Probe (Chrono Boost), Pylon  
  71  5:21  Probe (Chrono Boost)  
  71  5:22  Probe (Chrono Boost)  
  72  5:29  Probe  
  72  5:32  Probe  
  72  5:34  Colossus (Chrono Boost)  
  74  5:36  Forge  
  74  5:39  Forge  
  74  5:40  Extended Thermal Lance  
  74  5:41  Probe  
  81  5:44  Probe  
  81  5:46  Assimilator  
  82  5:50  Assimilator  
  82  5:51  Gateway  
  82  5:53  Gateway x2  
  82  5:54  Probe  
  82  5:56  Probe  
  84  6:00  Pylon  
  84  6:03  Probe  
  85  6:06  Probe  
  85  6:08  Protoss Ground Weapons Level 1, Probe  
  87  6:11  Protoss Ground Armor Level 1  
  87  6:15  Pylon, Probe  
  88  6:18  Probe  
  88  6:19  Colossus (Chrono Boost)  
  88  6:23  Probe  
  97  6:34  Gateway  
  97  6:35  Gateway, Probe  
  98  6:42  Assimilator  
  98  6:44  Charge (Chrono Boost), Zealot x3  
  103  6:53  Gateway  
  103  6:55  Gateway x2  
  103  6:58  Pylon  
  103  7:00  Pylon  
  97  7:05  Colossus (Chrono Boost)  
  97  7:11  Zealot x3  
  97  7:15  Templar Archives  
  109  7:21  Zealot x2  
  109  7:22  Zealot  
  115  7:27  Pylon  
  115  7:34  Nexus  
  115  7:46  Pylon  
  115  7:50  Colossus (Chrono Boost)  
  115  7:53  High Templar  
  115  7:54  High Templar x3  
  115  7:55  Zealot x3  
  115  7:56  Zealot  
  115  7:58  Archon x2  
  131  8:08  Zealot x3  
  131  8:10  Protoss Ground Armor Level 2 (Chrono Boost)  
  131  8:11  Protoss Ground Weapons Level 2 (Chrono Boost)  
  137  8:18  Pylon  
  137  8:19  Pylon  
  137  8:23  Gateway  
  137  8:25  Zealot x4  
  145  8:34  Zealot  
  145  8:35  Colossus (Chrono Boost)  
  145  8:37  Zealot  
  145  8:38  Sentry  
  145  8:41  Zealot x2  
  159  8:48  Psionic Storm  
  161  8:53  High Templar  
  161  8:54  Zealot x3  
  161  8:55  Zealot x2  
  173  9:04  Zealot x2  
  173  9:07  Pylon  
  177  9:10  Pylon  
  177  9:12  Pylon  
  177  9:15  High Templar  
  179  9:25  High Templar  
  179  9:26  Zealot x3  
  179  9:28  High Templar  
  179  9:29  Zealot  
  179  9:30  Zealot x2  
  179  9:31  Archon  
  195  9:33  Zealot  
  195  9:34  Zealot  
  195  9:35  Probe  
  199  9:51  Photon Cannon  
  199  9:53  Photon Cannon  
  199  9:55  Photon Cannon  
  199  9:58  Photon Cannon  
  199  10:01  Photon Cannon  
  199  10:04  Pylon  
  199  10:08  Robotics Facility  
  199  10:10  Robotics Facility  
  135  10:45  High Templar x3  
  135  10:46  High Templar x4  
  135  10:47  Zealot x4  
  135  10:48  Zealot  
  157  10:56  Archon x3  
  146  10:59  Colossus (Chrono Boost)  
  146  11:03  Immortal (Chrono Boost)  
  156  11:08  Zealot x2  
  156  11:09  Zealot x3  
  166  11:15  Immortal (Chrono Boost)  
  166  11:27  Zealot  
  166  11:28  Zealot x5  
  166  11:29  Zealot x5  
  166  11:30  Zealot  
  170  11:50  High Templar x2  
  170  11:51  High Templar  
  170  11:52  Zealot x5  
  170  11:53  Zealot x4  
  190  11:59  Assimilator  
  188  12:03  Assimilator  
  188  12:05  Gateway  
  188  12:06  Gateway  
  188  12:08  Gateway  
  188  12:15  High Templar  
  198  12:19  High Templar, Zealot  
  198  12:20  Zealot  
Show
View Real Time Build Order
Export as new Build Order

Leon Protoss 

Build Orders: 1 Gate Expand, Blink Stalkers, Colossus Rush 

Get SALT Encoding   

  12  0:01  Probe  
  13  0:13  Probe  
  14  0:18  Pylon  
  14  0:25  Probe  
  15  0:37  Probe  
  15  0:39  Gateway  
  16  0:47  Assimilator  
  16  0:49  Probe (Chrono Boost)  
  17  0:59  Probe (Chrono Boost)  
  18  1:06  Probe (Chrono Boost)  
  19  1:15  Probe (Chrono Boost)  
  20  1:31  Probe  
  21  1:33  Nexus  
  21  1:39  Cybernetics Core  
  21  1:46  Pylon  
  21  1:49  Probe  
  22  2:01  Probe  
  23  2:03  Assimilator  
  23  2:13  Probe  
  24  2:16  Warp Gate  
  24  2:17  Stalker  
  26  2:25  Probe  
  27  2:39  Twilight Council  
  27  2:42  Probe  
  28  2:45  Probe  
  29  2:51  Stalker  
  29  2:54  Probe (Chrono Boost)  
  33  3:00  Probe (Chrono Boost)  
  34  3:06  Probe (Chrono Boost)  
  34  3:10  Blink (Chrono Boost)  
  35  3:13  Probe x2 (Chrono Boost)  
  35  3:16  Gateway  
  35  3:17  Gateway  
  36  3:21  Probe  
  36  3:22  Probe  
  38  3:33  Probe  
  38  3:34  Probe, Stalker  
  42  3:45  Probe  
  42  3:46  Probe  
  44  3:53  Robotics Facility  
  44  3:57  Probe  
  44  3:58  Assimilator, Probe  
  44  4:00  Assimilator  
  44  4:02  Pylon  
  46  4:19  Pylon  
  46  4:20  Probe x2  
  46  4:22  Pylon  
  48  4:32  Probe x2  
  48  4:36  Stalker  
  48  4:37  Stalker  
  54  4:38  Stalker  
  54  4:44  Pylon  
  56  4:46  Observer  
  57  4:56  Probe x2  
  57  4:58  Robotics Bay  
  59  5:08  Probe x2  
  59  5:10  Nexus  
  59  5:12  Stalker  
  59  5:13  Pylon  
  63  5:15  Pylon  
  63  5:16  Stalker  
  63  5:19  Stalker  
  67  5:29  Probe x2  
  69  5:37  Stalker  
  69  5:38  Extended Thermal Lance (Chrono Boost)  
  69  5:41  Probe x2  
  69  5:42  Colossus (Chrono Boost)  
  73  5:45  Pylon  
  79  5:54  Stalker  
  81  6:02  Stalker  
  81  6:03  Stalker  
  85  6:18  Colossus (Chrono Boost), Stalker  
  87  6:25  Gateway  
  87  6:28  Gateway  
  87  6:29  Stalker  
  87  6:30  Stalker  
  97  6:38  Forge  
  97  6:43  Forge  
  97  6:45  Stalker  
  99  6:53  Probe x3  
  102  6:57  Stalker  
  102  7:00  Zealot  
  106  7:05  Colossus (Chrono Boost), Probe x3  
  115  7:14  Zealot  
  117  7:24  Pylon  
  117  7:27  Pylon  
  117  7:30  Pylon  
  117  7:35  Charge (Chrono Boost), Pylon  
  117  7:36  Pylon  
  117  7:40  Colossus, Pylon  
  117  7:42  Probe x3  
  126  7:54  Probe x3  
  129  8:03  Zealot x2  
  129  8:04  Zealot x2  
  129  8:05  Zealot  
  139  8:07  Probe x3  
  142  8:13  Assimilator  
  142  8:17  Assimilator  
  142  8:19  Probe x3  
  145  8:22  Photon Cannon  
  145  8:27  Photon Cannon  
  145  8:28  Zealot x2  
  145  8:29  Zealot x2  
  145  8:30  Zealot  
  145  8:31  Probe x3  
  158  8:48  Zealot  
  158  8:49  Zealot x2  
  158  8:52  Pylon  
  158  8:54  Pylon  
  164  8:57  Pylon  
  164  9:00  Pylon  
  164  9:02  Pylon  
  164  9:09  Colossus (Chrono Boost)  
  170  9:18  Sentry, Zealot  
  170  9:19  Sentry x2  
  170  9:20  Sentry  
  180  9:44  Zealot  
  180  9:45  Zealot x2  
  186  9:46  Zealot x2  
  186  9:51  Protoss Ground Armor Level 1 (Chrono Boost), Protoss Ground Weapons Level 1 (Chrono Boost), Nexus  
  190  9:52  Pylon  
  190  9:53  Pylon  
  190  9:57  Pylon  
  190  9:59  Colossus (Chrono Boost), Pylon  
  196  10:01  Pylon  
  196  10:05  Sentry x2  
  146  10:48  Stalker x2  
  146  10:49  Stalker  
  148  10:50  Zealot x2  
  146  10:59  Colossus  
  152  11:14  Gateway  
  152  11:16  Gateway  
  152  11:19  Gateway  
  152  11:20  Gateway  
  152  11:23  Gateway  
  146  11:26  Gateway  
  112  11:46  Stalker x4  
  112  11:47  Stalker  
  58  12:10  Stalker  
  58  12:11  Stalker  
  58  12:12  Stalker  
  58  12:13  Stalker, Zealot  
Tags
 
Add a new tag
Caveats
  • Supply blocks, unpowered buildings, or Contaminate may cause inaccurate times.
  • Supply counts are checked every 10 seconds.